 Dungeon Crawl Stone Soup version 0.20.1-1-g8b1a95d (webtiles) character file.

227 kae the Skirmisher (level 6, -3/39 HPs)
             Began as a Gargoyle Fighter on Sept 24, 2017.
             Killed by divine providence
             ... invoked by an orc priest
              (14 damage)
             ... on level 4 of the Dungeon.
             The game lasted 00:03:02 (2558 turns).

kae the Skirmisher (Gargoyle Fighter)               Turns: 2558, Time: 00:03:03

Health: -3/39      AC: 12    Str: 22    XL:     6   Next: 2%
Magic:  6/6        EV:  7    Int:  8    God:
Gold:   151        SH:  9    Dex:  9    Spells: 5/5 levels left

rFire    . . .     SeeInvis .   a - +0 trident
rCold    . . .     Gourm    .   c - +0 shield
rNeg     + . .     Faith    .   b - +0 scale mail
rPois    ∞         Spirit   .   (helmet restricted)
rElec    +         Reflect  .   (no cloak)
rCorr    .         Harm     .   m - +0 pair of gloves
MR       .....                  (no boots)
Stlth    ..........             (no amulet)
Regen    0.2/turn               (no ring)
MPRegen  0.1/turn               (no ring)

@: no status effects
A: antennae 1, blurry vision 1, negative energy resistance 1, electricity
resistance, unbreathing, evolution 1, petrification resistance, rot immunity, AC
+4
a: no special abilities


You were on level 4 of the Dungeon.
You were near starving.

You visited 1 branch of the dungeon, and saw 4 of its levels.

You collected 151 gold pieces.

Inventory:

Hand Weapons
 a - a +0 trident (weapon)
Armour
 b - a +0 scale mail (worn)
 c - a +0 shield (worn)
 m - a +0 pair of gloves (worn)
Jewellery
 s - an uncursed ring of protection from cold {unknown}
Wands
 t - a wand of digging (10/24)
Scrolls
 e - a scroll of blinking {unknown}
 g - 3 scrolls of identify
 i - a scroll of remove curse {unknown}
 o - a scroll of teleportation
Potions
 d - 2 potions of might
 h - a potion of curing
 k - a potion of flight
 q - a potion of resistance {unknown}
 r - a potion of degeneration {unknown}
 v - a potion of heal wounds {unknown}
Comestibles
 f - 4 bread rations
 j - 6 fruits
 n - 2 royal jellies
 u - a meat ration


   Skills:
 + Level 4.7 Fighting
 + Level 2.8 Polearms
 + Level 4.5 Armour
 + Level 4.5 Shields


You had 5 spell levels left.
You didn't know any spells.

Dungeon Overview and Level Annotations

Branches:
Dungeon (4/15)
 Temple: D:4-7

Altars:
Nemelex Xobeh
Trog

Shops:
D:4 =


Innate Abilities, Weirdness & Mutations

You are resistant to torment.
Your stone body is resilient. (AC +4)
You are immune to poison.
You resist negative energy. (rN+)
You are resistant to electric shocks. (rElec)
You can survive without breathing.
You are immune to petrification.
You are immune to rotting.
You have a pair of small antennae on your head.
Scrolls take you a little longer to read.
You evolve.


Message History

The orc priest is severely wounded.
The orc priest mumbles some strange prayers to Beogh against you.
Pain shoots through your body!
You closely miss the orc priest.
The orc priest is severely wounded.
The orc priest hits you with a hand axe.
* * * LOW HITPOINT WARNING * * *
You hit the orc priest.
The orc priest is almost dead.
The orc priest barely misses you.
You hit the orc priest but do no damage.
The orc priest is almost dead.
The orc priest invokes the aid of Beogh against you.
You barely resist.
You hit the orc priest but do no damage.
The orc priest is almost dead.
You block the orc priest's attack.
The orc priest calls down the wrath of Beogh upon you.
Beogh smites you!
You die...

#..# #.# #..# #.# #..#
#.# #..####.###
#######>.........
#.....#.)####.###
#.....#.∩##...[.#
######...%.#..##.....#
#..oo@............<..#
##.###.....#.........#
###...#.........#
#...#......####
#####......# ########


You could see an orc priest and an orc.

Vanquished Creatures
  An orc priest (D:4)
  An orc wizard (D:4)
  Jessica (D:3)
  An iguana (D:3)
  5 adders
  An ooze (D:2)
  3 worms
  A dart slug (D:3)
  2 leopard geckos (D:1)
  5 orcs (D:4)
  5 bats
  A giant cockroach (D:1)
  4 goblins
  9 hobgoblins
  3 jackals (D:1)
  2 kobolds
  A quokka (D:3)
  A ball python (D:3)
  5 frilled lizards
  2 rats (D:1)
54 creatures vanquished.

Notes
Turn   | Place    | Note
-------+----------+-------------------------------------------
     0 | D:1      | kae the Gargoyle Fighter began the quest for the Orb.
     0 | D:1      | Reached XP level 1. HP: 14/14 MP: 1/1
    76 | D:1      | Reached XP level 2. HP: 17/19 MP: 2/2
   623 | D:1      | Reached XP level 3. HP: 21/24 MP: 3/3
  1131 | D:2      | Found a bloodstained altar of Trog.
  1263 | D:3      | Reached XP level 4. HP: 28/29 MP: 4/4
  1309 | D:3      | Found a faded altar of an unknown god.
  1530 | D:3      | Noticed Jessica
  1542 | D:3      | Killed Jessica
  1542 | D:3      | Reached XP level 5. HP: 33/34 MP: 5/5
  2096 | D:4      | Reached XP level 6. HP: 29/39 MP: 6/6
  2108 | D:4      | Found a sparkling altar of Nemelex Xobeh.
  2158 | D:4      | Noticed an orc warrior
  2165 | D:4      | Gained mutation: You have a pair of small antennae on your head. [potion of mutation]
  2165 | D:4      | Gained mutation: Scrolls take you a little longer to read. [potion of mutation]
  2165 | D:4      | Gained mutation: You evolve. [potion of mutation]
  2165 | D:4      | HP: 1/39 [orc warrior/war axe (15)]
  2524 | D:4      | Found Peunies's Jewellery Boutique.
  2558 | D:4      | Killed from afar by an orc priest

Skill      XL: |  1  2  3  4 |
---------------+-------------+-----
Polearms       | 2 |  2.8
Fighting       | 4 |  4.7
Armour         | 4 |  4.5
Shields        | 4 |  4.5

Action                   |  1- 3 |  4- 6 || total
-------------------------+-------+-------++-------
Melee: Trident           |   119 |   134 ||   253
  Use: Scroll            |     4 |       ||     4
       Potion            |       |     2 ||     2
  Eat: Chunk             |     1 |     3 ||     4
Armor: Scale mail        |    56 |    49 ||   105
Dodge: Dodged            |    29 |    34 ||    63
Block: Shield            |    51 |    59 ||   110
